 Dungeon Crawl Stone Soup version bcrawl-1.13.5 (webtiles) character file.

Game seed: 1694554393716658475

65 Eeowdah the Chopper (level 3, -15/33 HPs)
             Began as a Minotaur Berserker on Aug 29, 2019.
             Was a Follower of Trog.
             Demolished by an orc
             ... wielding a +1 dagger of electrocution
              (17 damage)
             ... on level 2 of the Dungeon on Aug 30, 2019.
             The game lasted 00:07:51 (1801 turns).

Eeowdah the Chopper (Minotaur Berserker)            Turns: 1801, Time: 00:07:52

Health: -15/33     AC:  5    Str: 22    XL:     3   Next: 92%
Magic:  2/2        EV: 11    Int:  4    God:    Trog [*.....]
Gold:   104        SH:  0    Dex:  9    Spells: 2/2 levels left

rFire    . . .     SeeInvis .   a - +1 hand axe
rCold    . . .     Gourm    .   (no shield)
rNeg     . . .     Faith    .   k - +0 ring mail
rPois    .         Spirit   .   (helmet restricted)
rElec    .         Reflect  .   (no cloak)
rCorr    .         Harm     .   (no gloves)
MR       .....                  (no boots)
Stlth    ..........             (no amulet)
HPRegen  0.11/turn              (no ring)
MPRegen  0.08/turn              (no ring)

@: no status effects
A: retaliatory headbutt, horns 2
a: Berserk, Renounce Religion


You were on level 2 of the Dungeon.
You worshipped Trog.
Trog was aware of your devotion.
You were not hungry.

You visited 1 branch of the dungeon, and saw 2 of its levels.

You collected 104 gold pieces.

Inventory:

Hand Weapons
 a - a +1 hand axe (weapon)
 d - a +0 hand axe
 s - a +0 dagger
 u - a +0 whip
 v - a +0 whip
 y - a +0 dagger
 C - a +0 falchion
Missiles
 m - 104 bolts
 q - 47 needles of confusion
 B - 229 poisoned needles (quivered)
Armour
 b - a +0 animal skin
 e - a +0 helmet
 h - a +2 hat
 j - a +0 ring mail
 k - a +0 ring mail (worn)
 l - a +0 ring mail
 n - a +0 leather armour
 w - a +2 helmet of see invisible
 z - a +0 leather armour
Jewellery
 A - an uncursed ring of positive energy {unknown}
Scrolls
 f - a scroll of fear
 x - a scroll of immolation {unknown}
Potions
 g - a potion of curing {unknown}
 i - a potion of magic {unknown}
 o - a potion of berserk rage {unknown}
 p - a potion of mutation {unknown}
 r - a potion of heal wounds
 t - a potion of might {unknown}
Comestibles
 c - 2 rations {!d}


   Skills:
 + Level 4.0 Fighting
 + Level 5.0 Axes
 + Level 3.1 Armour
 + Level 2.5 Dodging


You had 2 spell levels left.
You didn't know any spells.
Your spell library was empty.

Dungeon Overview and Level Annotations

Branches:
Dungeon (2/12)

Altars:


Innate Abilities, Weirdness & Mutations

You reflexively headbutt those who attack you in melee.
You have a pair of horns on your head.


Message History

You kill the quokka!
Trog accepts your kill.
You closely miss the orc. Your headbutt misses the orc.
The orc barely misses you. The orc closely misses you.
You slash the leopard gecko!
You kill the leopard gecko!
Trog accepts your kill.
You hit the orc.
The orc is heavily wounded.
The orc hits you but does no damage.
You hit the orc.
The orc is almost dead.
The orc hits you but does no damage.
You are electrocuted!
* * * LOW HITPOINT WARNING * * *
You closely miss the orc.
The orc is almost dead.
The orc hits you but does no damage.
You are electrocuted!
Ouch! That really hurt!
You die...

#.############
############# ####.#
#.#..#..#...###..#.#
#.##.##...###.#....#
#..#....###......###
##....###.#..#.#'#
#.††###......###.#
#.###......###...#
#'#.#..#.###wo@###
#......###..†###
##.#....##.†##
###......##....#
#.##.#..#.##.w##
###..##.#....##...
.###..##....#.##..#
.##....##.#....##.$#
.##.##†.##.#..#.##.#


You could see a worm and an orc.

Vanquished Creatures
  An ooze (D:2)
  2 worms (D:2)
  6 dart slugs
  6 leopard geckos
  2 bats
  2 giant cockroaches
  2 goblins (D:2)
  5 hobgoblins
  A quokka (D:2)
  5 frilled lizards (D:2)
  3 kobolds
  A rat (D:1)
36 creatures vanquished.

Notes
Turn   | Place    | Note
-------+----------+-------------------------------------------
     0 | D:1      | Eeowdah the Minotaur Berserker began the quest for the Orb.
     0 | D:1      | Reached XP level 1. HP: 19/19 MP: 0/0
   373 | D:1      | Reached XP level 2. HP: 24/27 MP: 1/1
   465 | D:1      | Reached skill level 4 in Axes
  1227 | D:2      | Reached XP level 3. HP: 27/33 MP: 2/2
  1736 | D:2      | Reached skill level 5 in Axes
  1801 | D:2      | Demolished by an orc

Skill      XL: |  1  2  3 |
---------------+----------+-----
Axes           | 4 5 |  5.0
Fighting       | 4 |  4.0
Armour         | 3 |  3.1
Dodging        | |  2.5

Action                   || total
-------------------------++-------
Melee: Hand axe          ||    77
       Headbutt          ||    18
  Use: Scroll            ||     6
       Potion            ||     2
  Eat: Ration            ||     1
Armor: Ring mail         ||    15
       Animal skin       ||     2
Dodge: Dodged            ||    34
